 Seeded DCSS version 0.30.1-9-gdf580d7c3d (webtiles) character file.

Game seed: 9106806156630997546 (custom seed)

163 Psyclone the Conjurer (level 5, 28/28 HPs)
             Began as a Deep Elf Conjurer on Oct 9, 2023.
             Quit the game on level 6 of the Dungeon.
             The game lasted 00:01:00 (558 turns).

Psyclone the Conjurer (Deep Elf Conjurer)            Turns: 558, Time: 00:01:00

Health: 28/28      AC:  2    Str:  4    XL:     5   Next: 20%
Magic:  11/11      EV: 12    Int: 25    God:
Gold:   98         SH:  0    Dex: 13    Spells: 7/10 levels left

rFire   . . .        (no weapon)
rCold   . . .        (no shield)
rNeg    . . .        a - +0 robe
rPois   .            (no helmet)
rElec   .            (no cloak)
rCorr   .            (no gloves)
SInv    .            (no boots)
Will    .....        (no amulet)
Stlth   ++           (no ring)
HPRegen 0.24/turn    (no ring)
MPRegen 0.12/turn

%: no passive effects
@: no status effects
A: no striking features
a: no special abilities


You were on level 6 of the Dungeon.
You visited 1 branch of the dungeon, and saw 6 of its levels.

You collected 98 gold pieces.

Inventory:

Armour
 a - a +0 robe (worn)
Scrolls
 d - a scroll of acquirement
Potions
 b - a potion of magic
 c - a potion of haste {unknown}


   Skills:
 - Level 2.4 Dodging
 - Level 2.4 Stealth
 - Level 3.0 Spellcasting
 + Level 7.2 Conjurations


You had 7 spell levels left.
You knew the following spells:

 Your Spells              Type           Power      Damage    Failure   Level
a - Magic Dart            Conj           100%       1d8       1%          1
b - Searing Ray           Conj           78%        2d7       1%          2

Your spell library contained the following spells:

 Spells                   Type           Power      Damage    Failure   Level
 Dazzling Flash           Conj/Hex       42%        N/A       7%          3
 Fulminant Prism          Conj/Hex       10%        3d9       22%         4
 Iskenderun's Mystic Bla  Conj/Tloc      21%        2d6       22%         4


Dungeon Overview and Level Annotations

Branches:
Dungeon (6/15) Zot: 26917  Temple (0/1) D:5

Altars:
Qazlal

Annotations:
D:3 Natasha


Message History

You kill the adder!
You now have 6/10 mp.
There is a stone staircase leading down here.
You climb downwards.
The bullfrog croaks.
There is a stone staircase leading up here.
Casting: Magic Dart (safe; 1% risk of failure)
Confirm with . or Enter, or press ? or * to list all spells.
Aiming: Searing Ray (safe; 1% risk of failure)
Press: ? - help, Shift-Dir - straight line, f - bullfrog
Aim: a bullfrog (76% to hit)
The searing ray hits the bullfrog!
The bullfrog is heavily wounded. (Press . to maintain the ray.)
The bullfrog barely misses you.
You now have 5/10 mp.
The searing ray hits the bullfrog!
The bullfrog is almost dead.
The bullfrog hits you. The bullfrog misses you.
You take 6 damage, and have 18/24 hp.
MASSIVE DAMAGE!!
You now have 4/10 mp.
The searing ray hits the bullfrog!
You kill the bullfrog!
Your Conjurations skill increases to level 7!
You have reached level 5!
You regained 4 hp, and now have 22/28 hp.
You now have 3/11 mp.
You start resting.
HP restored.
Health restored: 28 You regained 3 mp, and now have 6/11 mp.
You start resting.
Magic restored.
MP restored: 11
Found 14 gold pieces.
Found a ruby potion.
Found a scroll labelled QAQILO XEIPH.
Found a scroll labelled GIKETE XEAPEJU.
d - a scroll labelled GIKETE XEAPEJU This is a scroll of acquirement!
Are you sure you want to abandon this character and quit the game? (Confirm with "yes".)

#.. .....#.....
#...#....#....#
##...#........##
.#.$...........#
.#.###.........#
.!..##.........#
.....###.......####
#.....##..........#
##.#............@.#
...##........?....#
...#.....#........#
.........#...##.###
<†.........####.#
....#....#.. #..
##.##....#.. ...#
####....# .. #. ..


There were no monsters in sight!

Vanquished Creatures
  A bullfrog (D:6)
  A scorpion (D:5)
  2 adders (D:5)
  2 dart slugs
  2 orcs (D:5)
  A bat (D:1)
  An endoplasm (D:4)
  A hobgoblin (D:4)
  3 jackals
  A kobold (D:4)
15 creatures vanquished.

Notes
Turn   | Place    | Note
-------+----------+-------------------------------------------
     0 | D:1      | Psyclone the Deep Elf Conjurer began the quest for the Orb.
     0 | D:1      | Reached XP level 1. HP: 10/10 MP: 6/6
    28 | D:2      | Found a stormy altar of Qazlal.
   142 | D:2      | Reached XP level 2. HP: 15/15 MP: 5/8
   205 | D:2      | Learned a level 2 spell: Searing Ray
   206 | D:3      | Noticed Natasha
   229 | D:4      | Reached skill level 5 in Conjurations
   311 | D:5      | Entered Level 5 of the Dungeon
   336 | D:5      | Noticed a scorpion
   347 | D:5      | Killed a scorpion
   348 | D:5      | Reached skill level 6 in Conjurations
   348 | D:5      | Reached XP level 3. HP: 17/19 MP: 2/9
   348 | D:5      | Reached XP level 4. HP: 21/24 MP: 2/10
   459 | D:5      | Found a staircase to the Ecumenical Temple.
   475 | D:6      | Noticed a bullfrog
   478 | D:6      | Killed a bullfrog
   479 | D:6      | Reached skill level 7 in Conjurations
   479 | D:6      | Reached XP level 5. HP: 22/28 MP: 3/11
   558 | D:6      | Identified a scroll of acquirement
   558 | D:6      | Quit the game

Illustrated notes

Levels and vault maps discovered:
D:1:      onia_arrival_mini_spirals, layout_loops_ring, serial_shops, shop
D:2:      layout_rooms, basic_altar, reono_crystal_passage, minmay_tetromino_l2,
          uniq_robin, uniq_jessica, uniq_crazy_yiuf_cottage
D:3:      layout_loops_ring, uniq_sigmund, uniq_natasha
D:4:      layout_rooms, ebering_ghost_sewer_d, nicolae_take_the_stairs,
          grunt_ministairs_6, ebering_dispersal_statue_hall,
          minmay_ogre_servants
D:5:      nicolae_cairo_tiling_large, layout_basic, slow_altar_2,
          minmay_temple_entry_junction_2, portal_sewer_entry_b
D:6:      layout_cave_pools

Skill      XL: |  1  2  3  4 |
---------------+-------------+-----
Conjurations   | 6 7 |  7.2
Dodging        | |  2.4
Stealth        | |  2.4
Spellcasting   | |  3.0

Action                     |  1- 3 |  4- 6 || total
---------------------------+-------+-------++-------
   Cast: Magic Dart        |    13 |     9 ||    22
         Searing Ray       |     3 |     1 ||     4
  Dodge: Dodged            |    13 |     2 ||    15
